 Dungeon Crawl Stone Soup version 0.19-a0-1019-g9c6a58d (webtiles) character file.

89 st0uf the Shield-Bearer (level 4, -5/41 HPs)
             Began as a Minotaur Fighter on July 26, 2016.
             Slain by a gnoll (7 damage)
             ... on level 1 of the Dungeon.
             The game lasted 00:04:40 (1122 turns).

st0uf the Shield-Bearer (Minotaur Fighter)          Turns: 1122, Time: 00:04:41

Health: -5/41      AC:  7    Str: 21    XL:     4   Next: 31%
Magic:  3/3        EV:  8    Int:  5    God:
Gold:   95         SH:  9    Dex: 10    Spells: 0 memorised, 3 levels left

rFire  + . .     SeeInvis .     a - +0 war axe
rCold  . . .     Gourm    .     b - +0 scale mail
rNeg   . . .     Faith    .     c - +0 shield
rPois  .         Spirit   .     (helmet restricted)
rElec  .         Dismiss  .     (no cloak)
rCorr  .         Reflect  .     (no gloves)
SustAt .         Harm     .     (no boots)
MR     .....                    (no amulet)
Stlth  ..........               (no ring)
                                t - ring of protection from fire

@: not resistant to hostile enchantments, extremely unstealthy
A: retaliatory headbutt, horns 2
a: no special abilities


You were on level 1 of the Dungeon.
You were not hungry.

You visited 1 branch of the dungeon, and saw 2 of its levels.

You collected 95 gold pieces.

Inventory:

Hand Weapons
 a - a +0 war axe (weapon)
Armour
 b - a +0 scale mail (worn)
 c - a +0 shield (worn)
Jewellery
 t - a ring of protection from fire (left hand)
Scrolls
 g - a scroll of enchant weapon {unknown}
 k - a scroll of noise {unknown}
 l - a scroll of magic mapping {unknown}
 m - 2 scrolls of identify {unknown}
 q - 2 scrolls of fog {unknown}
Potions
 d - a potion of might
 e - 2 potions of berserk rage {unknown}
 j - 2 potions of flight {unknown}
 o - a potion of curing {unknown}
 r - a potion of haste {unknown}
 s - 2 potions of lignification {unknown}
Comestibles
 f - 2 bread rations
 h - a beef jerky
 i - 3 meat rations
 p - 4 fruits


   Skills:
 + Level 4.3 Fighting
 + Level 3.2 Axes
 + Level 4.0 Armour
 + Level 1.0 Dodging
 + Level 4.7 Shields


You had 3 spell levels left.
You didn't know any spells.

Dungeon Overview and Level Annotations

Branches:
Dungeon (2/15)

Altars:


Innate Abilities, Weirdness & Mutations

You reflexively headbutt those who attack you in melee.
You have a pair of horns on your head.


Message History

The gnoll hits you.
* * * LOW HITPOINT WARNING * * *
You climb upwards.
The giant gecko hisses angrily.
The giant gecko bites you but does no damage. x2
There is a stone staircase leading down here.
Your shield prevents you from hitting the giant gecko.
You closely miss the gnoll.
The giant gecko bites you but does no damage.
The gnoll hits you.
* * * LOW HITPOINT WARNING * * *
The giant gecko bites you but does no damage.
Unknown command.
You closely miss the giant gecko. You hit the gnoll but do no damage.
You block the gnoll's attack. You block the giant gecko's attack.
Unknown command.
You hit the giant gecko. You headbutt the giant gecko.
You kill the giant gecko!
You hit the gnoll. The gnoll hits you!
You die...

.##.#####..........##....#####
....................'....#
...######.###########....#
...# #.## #....# #### #..###
#....# #....# #....# ##
#....########....# #.
#..<.##g...##....# #.
#....##†@..##....# #.
#....##....####### #.
#....####+## #. #....# #.
#....# #. #....# #. ###'##
########. ##># #......). #>##
###........


You could see a gnoll.

Vanquished Creatures
  2 gnolls (D:2)
  2 adders (D:2)
  An ooze (D:1)
  2 dart slugs (D:2)
  A giant gecko (D:1)
  2 ball pythons (D:2)
  4 bats
  A giant cockroach (D:2)
  7 goblins
  4 hobgoblins (D:1)
  A jackal (D:2)
  5 giant newts
  7 kobolds
  4 rats
  A plant (D:2)
44 creatures vanquished.

Notes
Turn   | Place    | Note
-------+----------+-------------------------------------------
     0 | D:1      | st0uf the Minotaur Fighter began the quest for the Orb.
     0 | D:1      | Reached XP level 1. HP: 19/19 MP: 0/0
   216 | D:1      | Reached XP level 2. HP: 27/27 MP: 1/1
   756 | D:2      | Reached XP level 3. HP: 28/33 MP: 2/2
  1091 | D:2      | Reached XP level 4. HP: 36/41 MP: 3/3
  1094 | D:2      | Reached skill level 1 in Dodging
  1120 | D:1      | HP: 2/41 [gnoll (2)]
  1122 | D:1      | Slain by a gnoll

Vault maps used:
D:1:      dpeg_arrival_connections
D:2:      wad_lake_hut, minmay_circled_x

Skill      XL: |  1  2  3  4 |
---------------+-------------+-----
Shields        | 4 |  4.7
Fighting       | 4 |  4.3
Armour         | 4 |  4.0
Axes           | 3 |  3.2
Dodging        | 1 |  1.0

Action                   |  1- 3 |  4- 6 || total
-------------------------+-------+-------++-------
Melee: War axe           |    78 |     5 ||    83
       Headbutt          |    14 |     1 ||    15
  Eat: Chunk             |     1 |       ||     1
Armor: Scale mail        |    34 |    11 ||    45
Dodge: Dodged            |    27 |     2 ||    29
Block: Shield            |    40 |     9 ||    49
